 Dungeon Crawl Stone Soup version 0.23.2-40-g277498a001 (webtiles) character file.

Game seed: 9814668096086615021

74 Flortec the Shield-Bearer (level 4, 0/36 HPs)
             Began as a Formicid Fighter on Oct 8, 2019.
             Slain by an adder (1 damage)
             ... on level 6 of the Dungeon.
             The game lasted 00:13:24 (1974 turns).

Flortec the Shield-Bearer (Formicid Fighter)        Turns: 1974, Time: 00:13:25

Health: 0/36       AC:  7    Str: 21    XL:     4   Next: 52%
Magic:  4/4        EV:  6    Int:  8    God:
Gold:   112        SH: 14    Dex: 10    Spells: 3/3 levels left

rFire    . . .     SeeInvis +   a - +2 trident
rCold    . . .     Gourm    .   e - +0 large shield
rNeg     . . .     Faith    .   b - +0 scale mail
rPois    .         Spirit   .   (helmet unavailable)
rElec    .         Reflect  .   (no cloak)
rCorr    .         Harm     .   (no gloves)
MR       .....                  (no boots)
Stlth    ..........             (no amulet)
HPRegen  0.12/turn              (no ring)
MPRegen  0.09/turn              (no ring)

@: lethally poisoned (0 -> -2)
A: permanent stasis, dig shafts and tunnels, four strong arms, antennae 3
a: Dig, Shaft Self


You were on level 6 of the Dungeon.
You were not hungry.

You visited 1 branch of the dungeon, and saw 4 of its levels.

You collected 112 gold pieces.

Inventory:

Hand Weapons
 a - a +2 trident (weapon)
Missiles
 g - 62 bolts
 k - 88 stones (quivered)
Armour
 b - a +0 scale mail (worn)
 c - a +0 shield
 e - a +0 large shield (worn)
Jewellery
 h - an uncursed amulet of rage {unknown}
 m - an uncursed ring of wizardry {unknown}
 n - an uncursed amulet of magic regeneration
Scrolls
 p - 2 scrolls of teleportation
 q - a scroll of remove curse
 s - a scroll of amnesia
Potions
 d - 2 potions of might
 i - a potion of heal wounds {unknown}
 j - 2 potions of cancellation {unknown}
 l - 3 potions of haste {unknown}
 o - a potion of lignification {unknown}
 r - 2 potions of curing {unknown}
Comestibles
 f - 9 rations


   Skills:
 + Level 3.6 Fighting
 * Level 3.0 Polearms
 + Level 3.9 Armour
 + Level 1.0 Dodging
 - Level 4.1 Shields


You had 3 spell levels left.
You didn't know any spells.
Your spell library was empty.

Dungeon Overview and Level Annotations

Branches:
Dungeon (3/15)

Altars:
Sif Muna
Uskayaw

Shops:
D:6 [

Annotations:
D:6 Edmund, Menkaure, Prince Ribbit


Innate Abilities, Weirdness & Mutations

You cannot be hasted, slowed, berserked, paralysed or teleported.
You can dig through walls and to a lower floor.
Your four strong arms can wield two-handed weapons with a shield.
You have a pair of large antennae on your head. (SInv)


Message History

You feel sick.
Menkaure calls on the powers of darkness!
The gnoll convulses! x3; The adder convulses!
Something is bathed in an unholy light!
The bullfrog convulses!
You feel a surge of unholy energy.
The leopard gecko convulses!
You block the bullfrog's attack.
The phantom blinks!
The leopard gecko bites you but does no damage.
You block the adder's attack.
Press: ? - help, . - travel You can't see that place.
The bullfrog hits you but does no damage.
* * * LOW HITPOINT WARNING * * *
You feel sick.
The bullfrog hits you but does no damage.
Found a stone staircase leading up.
You block the leopard gecko's attack.
* * * LOW HITPOINT WARNING * * *
You feel sick. The adder bites you.
You die...

#.....##. ####..###
#..##. ########.....
#.........(##
#....g......# ########
#[{g.........
#......####............
#.....@Sl.g..........##
#......#ZFM..........##
#........##..........##
#.......###..........#
#......## #..........#
#..<...# ############
#......# #......#


You could see Menkaure, a bullfrog, a gnoll, an adder, a leopard gecko and a
centaur skeleton.

Vanquished Creatures
  2 adders (D:2)
  An ooze (D:2)
  A dart slug (D:1)
  2 leopard geckos
  3 giant cockroaches
  5 goblins
  2 hobgoblins (D:1)
  4 jackals (D:2)
  7 kobolds
  3 quokkas (D:2)
  5 bats
  3 frilled lizards (D:1)
  7 rats
45 creatures vanquished.

Notes
Turn   | Place    | Note
-------+----------+-------------------------------------------
     0 | D:1      | Flortec the Formicid Fighter began the quest for the Orb.
     0 | D:1      | Reached XP level 1. HP: 18/18 MP: 1/1
   217 | D:1      | Reached XP level 2. HP: 24/24 MP: 2/2
   390 | D:1      | Reached skill level 4 in Shields
   477 | D:1      | Reached XP level 3. HP: 29/29 MP: 3/3
  1001 | D:2      | Reached XP level 4. HP: 29/35 MP: 4/4
  1049 | D:2      | Reached skill level 1 in Dodging
  1611 | D:3      | Noticed a +0 hand axe
  1612 | D:3      | Found a hide-covered altar of Uskayaw.
  1612 | D:3      | Noticed a -1 dagger
  1699 | D:3      | Found a deep blue altar of Sif Muna.
  1888 | D:3      | You fall through a shaft for 3 floors!
  1888 | D:6      | Noticed Menkaure
  1905 | D:6      | Noticed a phantom
  1913 | D:6      | Found Odetunug's Antique Armour Boutique.
  1920 | D:6      | Noticed Prince Ribbit
  1921 | D:6      | Noticed Edmund
  1960 | D:6      | Noticed a bullfrog
  1972 | D:6      | HP: 1/36 [poisoned by an adder]
  1974 | D:6      | Slain by an adder

Skill      XL: |  1  2  3  4 |
---------------+-------------+-----
Shields        | 4 |  4.1
Dodging        | 1 |  1.0
Polearms       | 3 |  3.0
Fighting       | |  3.6
Armour         | |  3.9

Action                   |  1- 3 |  4- 6 || total
-------------------------+-------+-------++-------
Melee: Trident           |   139 |    48 ||   187
  Use: Scroll            |     4 |     3 ||     7
  Eat: Ration            |       |     1 ||     1
Armor: Scale mail        |    44 |    26 ||    70
Dodge: Dodged            |    29 |     8 ||    37
Block: Large shield      |   129 |    54 ||   183
